 Dungeon Crawl Stone Soup version 0.29-a0-559-g359e09b9d1 (webtiles) character file.

Game seed: 1077725871650258585

340 spiderkeys the Ducker (level 6, -5/37 HPs)
             Began as a Deep Elf Abyssal Knight on June 10, 2022.
             Was an Elder of Lugonu.
             Shot with an arrow by a centaur (7 damage)
             ... on level 5 of the Dungeon.
             The game lasted 00:07:56 (5102 turns).

spiderkeys the Ducker (Deep Elf Abyssal Knight)     Turns: 5102, Time: 00:07:57

Health: -5/37      AC:  9    Str: 10    XL:     6   Next: 30%
Magic:  12/13      EV: 11    Int: 17    God:    Lugonu [****..]
Gold:   159        SH:  0    Dex: 15    Spells: 10/12 levels left

rFire   . . .      SeeInvis .   i - +4 dagger
rCold   . . .      Faith    .   (no shield)
rNeg    + . .      Spirit   .   k - +1 ring mail
rPois   .          Reflect  .   (no helmet)
rElec   .          Harm     .   s - +2 cloak
rCorr   .          Rampage  .   (no gloves)
Will    .....                   (no boots)
Stlth   +.........              (no amulet)
HPRegen 0.12/turn               N - ring of positive energy
MPRegen 0.13/turn               (no ring)

@: no status effects
A: no striking features
a: Renounce Religion, Depart the Abyss, Bend Space, Banish, Corrupt


You were on level 5 of the Dungeon.
You worshipped Lugonu.
Lugonu was greatly pleased with you.
You visited 1 branch of the dungeon, and saw 5 of its levels.
You visited the Abyss 1 time.

You collected 159 gold pieces.


   Skills:
 + Level 3.4 Fighting
 - Level 3.0 Short Blades
 - Level 0.7 Armour
 + Level 4.1 Dodging
 + Level 3.5 Spellcasting
 + Level 2.1 Hexes
 + Level 3.5 Invocations


You had 10 spell levels left.
You knew the following spells:

 Your Spells              Type           Power      Damage    Failure   Level
e - Ensorcelled Hibernat  Hex/Ice        12%        N/A       38%         2

Your spell library contained the following spells:

 Spells                   Type           Power      Damage    Failure   Level
 Spider Form              Tmut/Pois      2%         N/A       78%         3
 Cause Fear               Hex            5%         N/A       87%         4
 Anguish                  Hex/Necr       3%         N/A       95%         4
 Dragon Form              Tmut           1%         N/A       100%        7
 Dragon's Call            Summ           1%         N/A       100%        9

Inventory:

Hand Weapons
 a - a +1 short sword
 i - a +4 dagger (weapon)
   (You took it off a kobold on level 1 of the Dungeon)
Missiles
 h - 88 stones
 w - 6 javelins
 y - 6 boomerangs
 A - 8 poisoned darts
Armour
 b - a +0 leather armour
 c - a +0 ring mail
   (You took it off an orc on level 4 of the Dungeon)
 d - a +0 leather armour
   (You found it on level 4 of the Dungeon)
 g - a +0 robe
   (You found it on level 1 of the Dungeon)
 k - a +1 ring mail (worn)
   (You found it on level 3 of the Dungeon)
 m - a +0 robe
   (You found it on level 1 of the Dungeon)
 n - a +0 ring mail
   (You found it on level 1 of the Dungeon)
 s - a +2 cloak (worn)
   (You found it on level 2 of the Dungeon)
 v - a +0 ring mail
   (You found it on level 3 of the Dungeon)
 x - a +0 robe
   (You found it on level 3 of the Dungeon)
 z - a +0 robe
   (You found it on level 3 of the Dungeon)
Jewellery
 N - a ring of positive energy (left hand)
   (You took it off a kobold on level 4 of the Dungeon)
Wands
 f - a wand of flame (11)
   (You took it off a kobold on level 3 of the Dungeon)
 u - a wand of polymorph (6)
   (You found it on level 5 of the Dungeon)
Scrolls
 o - a scroll of acquirement
 r - 2 scrolls of teleportation {@r4}
 t - a scroll of noise {!r}
 D - a scroll of vulnerability {!r!r}
Potions
 j - a potion of haste {@q3}
 l - a potion of ambrosia
 p - 2 potions of mutation {unknown}
 q - 3 potions of flight
 B - a potion of brilliance {unknown}
 C - a potion of degeneration {unknown}

Dungeon Overview and Level Annotations

Branches:
Dungeon (5/15)             Temple (0/1) D:4

Altars:
Cheibriados
Vehumet
The Shining One

Annotations:
D:4 2 runed translucent doors, xeria's ghost, novice GnWn

#.# ##.## ####.# #.# #.# #.#
#.# #.# #.# #.#### ##+## #.#
#....# ##...## #.# ####.##
##.....## ###†# #...#
##.......## ##.#.#
##...####)........####....###
#.......+c..@.....+>....?....
##...####.........##.#.....##
##.## ##.......### ##.#..#
#.# ##.....## ##...#
#####.#### ##...## #. #.#.#
#........# ##+## #. #.#.#
#.###.##.# #.# #.###.#.# #.#
.# #.#### #.......#
#.##.######.#........#.###


You could see a centaur.


Message History

The orc hits you but does no damage.
You barely miss the orc. The orc hits you with a +0 hand axe.
* * * LOW HITPOINT WARNING * * *
😨 HP[-4]
You take 4 damage, and now have 13/37 hp.
You hit the orc.
Unknown command.
You hit the orc.
You kill the orc!
Lugonu accepts your kill. 😨 HP[+1]
There is an open door here. 😨 HP[+1] As you open the door, it creaks loudly!
Your extra speed is starting to run out.
You hear a shout! x2
An orc comes into view. It is wielding a +0 flail.
The orc shouts!
There is an open door here.
A necrophage comes into view.
An orc wizard comes into view. It is wielding a +0 dagger.
The necrophage moves out of view.
An orc comes into view. It is wielding a +0 flail.
The orc shouts!
There is an open door here.
Aiming: Throw Flame
Press: ? - help, Shift-Dir - straight line, f - orc
Aim: an orc, wielding a +0 flail (68% to hit)
The puff of flame misses the orc.
The puff of flame hits the necrophage.
Aiming: Throw Flame
Press: ? - help, Shift-Dir - straight line, f/p - orc
Aim: an orc, wielding a +0 flail (68% to hit)
The puff of flame hits the orc.
Aiming: Throw Flame
Press: ? - help, Shift-Dir - straight line, f/p - orc
Aim: an orc, wielding a +0 flail (almost dead, 68% to hit)
The puff of flame hits the orc.
You kill the orc!
Lugonu accepts your kill.
Aiming: Throw Flame
Press: ? - help, Shift-Dir - straight line, f - orc wizard
Aim: an orc wizard, wielding a +0 dagger and wearing a +0 robe (60% to hit)
The puff of flame hits the orc wizard.
You feel yourself slow down.
Aiming: Throw Flame
Press: ? - help, Shift-Dir - straight line, f/p - orc wizard
Aim: an orc wizard, wielding a +0 dagger and wearing a +0 robe (moderately wounded, 60% to hit)
The puff of flame hits the orc wizard! 😨 HP[+1]
Aiming: Throw Flame
Press: ? - help, Shift-Dir - straight line, f/p - orc wizard
Aim: an orc wizard, wielding a +0 dagger and wearing a +0 robe (almost dead, 60% to hit)
The puff of flame hits the orc wizard.
You kill the orc wizard!
Lugonu accepts your kill.
Aiming: Throw Flame
Press: ? - help, Shift-Dir - straight line, f - orc
Aim: an orc, wielding a +0 flail and wearing a +0 chain mail (77% to hit)
The puff of flame hits the orc.
The orc closely misses you.
You hit the orc but do no damage.
An orc comes into view. It is wielding a +0 flail.
The orc closely misses you.
The orc shouts!
You hit the orc but do no damage. The orc hits you with a +0 flail!
* * * LOW HITPOINT WARNING * * *
😱 HP[-7]
You take 7 damage, and now have 9/37 hp.
Okay, then.
The orc wizard mumbles some strange words.
The orc wizard flickers and vanishes!
Deactivating autopickup; reactivate with Ctrl-A.
Unknown command.
As you read the scroll of teleportation {@r4}, it crumbles to dust.
You feel strangely unstable. The orc hits you with a +0 flail.
* * * LOW HITPOINT WARNING * * *
😱 HP[-1]
You take 1 damage, and now have 8/37 hp.
Space bends violently around you!
You blink. 😱 HP[-1] MP[-1]
You take 1 damage, and now have 7/37 hp.
You lost 1 mp, and now have 12/13 mp.
Unknown command.
Your surroundings suddenly seem different.
A centaur comes into view.
The centaur wields a +0 shortbow.
The centaur shoots an arrow.
The arrow hits you.
* * * LOW HITPOINT WARNING * * *
😱 HP[-5]
You take 5 damage, and now have 2/37 hp.
Press: ? - help, Shift-Dir - straight line, f - centaur
Aim: a centaur, wielding a +0 shortbow (chance to affect: 81%)
Okay, then.
Okay, then.
Press: ? - help, Shift-Dir - straight line, f - centaur
Aim: a centaur, wielding a +0 shortbow (chance to affect: 81%)
You fail to use your ability.
The centaur shoots an arrow.
The arrow hits you!
You die...

Skill      XL: |  1  2  3  4  5 |
---------------+----------------+-----
Spellcasting   | 1 2 3 |  3.5
Dodging        | 3 4 |  4.1
Fighting       | 3 |  3.4
Short Blades   | 3 |  3.0
Invocations    | 3 |  3.5
Hexes          | 2 |  2.1
Armour         | |  0.7

Action                   |  1- 3 |  4- 6 || total
-------------------------+-------+-------++-------
Melee: Short sword       |    65 |       ||    65
       Dagger            |    65 |   240 ||   305
       Punch             |     2 |     1 ||     3
Throw: Javelin           |       |     5 ||     5
       Throwing net      |       |     1 ||     1
Invok: Bend Space        |       |     3 ||     3
Evoke: Wand              |       |    12 ||    12
  Use: Scroll            |     1 |    11 ||    12
       Potion            |       |     1 ||     1
 Stab: Sleeping          |     1 |       ||     1
Armor: Leather armour    |    25 |     9 ||    34
       Ring mail         |       |    72 ||    72
Dodge: Dodged            |    76 |   117 ||   193

Levels and vault maps discovered:
D:1:      kilobyte_arrival_exit_the_forest, layout_rooms
D:2:      minmay_skewed_foursquare, layout_loops_ring, minmay_tetromino_s4
D:3:      layout_loops_ring, nicolae_tso_besieged_by_evil,
          vehumet_altar_wand_db, nicolae_ecumenical_snake_handling,
          hangedman_abyss_or_decor_stabs
D:4:      layout_cave_pods, mainiacjoe_overflow_alcove_1,
          minmay_temple_entry_trees, ebering_ghost_sewer_f, minmay_box_of_dots
D:5:      layout_loops_corners, enter_ossuary_5

Notes
Turn   | Place    | Note
-------+----------+-------------------------------------------
     0 | Abyss:1  | spiderkeys the Deep Elf Abyssal Knight began the quest for
                  | the Orb.
     0 | Abyss:1  | Reached XP level 1. HP: 13/13 MP: 4/4
     0 | Abyss:1  | magus.rc [v1.11.3]
    10 | D:1      | You pass through the gate.
    10 | D:1      | Escaped the Abyss
   221 | D:1      | Reached XP level 2. HP: 18/18 MP: 5/5
   375 | D:1      | Reached skill level 1 in Spellcasting
   704 | D:1      | Reached *** piety under Lugonu
   776 | D:1      | Reached XP level 3. HP: 22/22 MP: 7/7
  1045 | D:1      | Identified a scroll of acquirement
  1253 | D:2      | Reached skill level 3 in Dodging
  1261 | D:2      | You fall into a shaft and drop 1 floor!
  1421 | D:3      | Found a radiant altar of Vehumet.
  1495 | D:2      | Reached skill level 2 in Spellcasting
  1580 | D:2      | Reached XP level 4. HP: 22/27 MP: 9/9
  1952 | D:2      | Reached **** piety under Lugonu
  2689 | D:3      | Found a glowing golden altar of the Shining One.
  2724 | D:3      | You pick up a book of Dreams and begin reading...
  2724 | D:3      | You add the spells Ensorcelled Hibernation, Spider Form and
                  | Anguish to your library.
  2728 | D:3      | Learned a level 2 spell: Ensorcelled Hibernation
  3134 | D:3      | Reached skill level 3 in Fighting
  3161 | D:3      | Found a faded altar of an unknown god.
  3406 | D:4      | Found a staircase to the Ecumenical Temple.
  3421 | D:4      | Reached skill level 3 in Short Blades
  3421 | D:4      | Reached skill level 3 in Invocations
  3421 | D:4      | Reached XP level 5. HP: 30/32 MP: 9/11
  3488 | D:4      | Reached skill level 1 in Hexes
  3824 | D:4      | Found a snail-covered altar of Cheibriados.
  3925 | D:4      | Reached skill level 3 in Spellcasting
  4168 | D:4      | Found a runed translucent door.
  4175 | D:4      | Noticed xeria's ghost (novice GnWn)
  4211 | D:4      | You pick up a book of the Dragon and begin reading...
  4211 | D:4      | You add the spells Cause Fear, Dragon Form and Dragon's
                  | Call to your library.
  4295 | D:4      | Found a runed translucent door.
  4815 | D:5      | Entered Level 5 of the Dungeon
  4863 | D:5      | HP: 8/32 [scorpion (1)]
  4865 | D:5      | Reached skill level 4 in Dodging
  4865 | D:5      | Reached skill level 2 in Hexes
  4865 | D:5      | Reached XP level 6. HP: 10/37 MP: 11/13
  5096 | D:5      | HP: 9/37 [orc/+0 flail (7)]
  5101 | D:5      | HP: 2/37 [centaur/arrow (5)]
  5102 | D:5      | Shot with an arrow by a centaur

Vanquished Creatures
  A scorpion (D:5)
  A hound (D:4)
  An orc wizard (D:5)
  An iguana (D:4)
  2 adders
  4 gnolls
  A white imp (D:3)
  3 worms
  3 dart slugs
  6 orcs
  9 bats
  7 endoplasms
  A giant cockroach (D:4)
  6 goblins
  7 hobgoblins
  9 jackals
  14 kobolds
  6 quokkas
  13 ball pythons
  7 frilled lizards
  3 goblin zombies (D:3)
  A hobgoblin zombie (D:3)
  A kobold skeleton (D:3)
  2 kobold zombies (D:3)
  An orc skeleton (D:3)
  8 rats
118 creatures vanquished.

Table legend:
 A = Non-vault XP
 B = Vault XP
 C = Vault XP percentage of total XP
 D = Non-vault monster count
 E = Vault monster count
 F = Vault count percentage of total count
                 A         B        C        D         E       F
            +---------+---------+-------+---------+---------+-------
      Total |     444 |      43 |   8.8 |      95 |      23 |  19.5
            +---------+---------+-------+---------+---------+-------
        D:1 |      50 |       0 |   0.0 |      32 |       0 |   0.0
        D:2 |      53 |      17 |  24.3 |      20 |       9 |  31.0
        D:3 |      78 |      22 |  22.0 |      19 |      11 |  36.7
        D:4 |     134 |       4 |   2.9 |      19 |       3 |  13.6
        D:5 |     129 |       0 |   0.0 |       5 |       0 |   0.0
            +---------+---------+-------+---------+---------+-------

Illustrated notes

Table legend:
 A = Kills in this place as a percentage of kills in entire the game.
 B = Kills by you in this place as a percentage of kills by you in the entire game.
 C = Kills by friends in this place as a percentage of kills by friends in the entire game.
 D = Other kills in this place as a percentage of other kills in the entire game.
 E = Experience gained in this place as a percentage of experience gained in the entire game.
 F = Experience gained in this place divided by the number of levels of this place that you have seen.
                   A       B       C       D       E      F
               +-------+-------+-------+-------+-------+----------------------
         Total | 100.0 | 100.0 |   N/A |   N/A | 100.0 |  81.2
       Dungeon | 100.0 | 100.0 |   N/A |   N/A | 100.0 |  97.4
               +-------+-------+-------+-------+-------+----------------------

Table legend: (Time is in decaauts)
 A = Elapsed time spent in this place.
 B = Non-inter-level travel time spent in this place.
 C = Inter-level travel time spent in this place.
 D = Time resting spent in this place.
 E = Time spent auto-exploring this place.
 F = Levels seen in this place.
 G = Mean time per level.
                   A        B        C        D        E       F      G
               +--------+--------+--------+--------+--------+-----+--------+
         Total |   5046 |   4906 |    140 |    304 |   3672 |   6 |  841.0 |
       Dungeon |   5036 |   4896 |    140 |    304 |   3667 |   5 | 1007.2 |
         Abyss |     10 |     10 |      0 |      0 |      5 |   1 |   10.0 |
               +--------+--------+--------+--------+--------+-----+--------+

Top non-repeatable levels by time:
     D:3: 1399 daAuts
     D:4: 1338 daAuts
     D:2: 1059 daAuts
     D:1: 1040 daAuts
     D:5: 199 daAuts
 Abyss:1: 10 daAuts
